 Dungeon Sprint DCSS version 0.28-a0-863-g8cecda6153 (webtiles) character file.

Game seed: 16071485551889499126

2414 kae the Thaumaturge (level 9, -1/102 HPs)
             Began as a Purple Draconian Transmuter on Nov 18, 2021.
             Was an Initiate of Ru.
             Slain by a deep troll (12 damage)
             ... in the Dungeon (Sprint I: "Red Sonja").
             The game lasted 00:01:50 (1235 turns).

kae the Thaumaturge (Purple Draconian Transmuter)   Turns: 1235, Time: 00:01:50

Health: -1/102     AC:  8    Str: 12    XL:     9   Next: 23%
Magic:  19/23      EV: 13    Int: 16    God:    Ru [......]
Gold:   367        SH:  0    Dex: 13    Spells: 21/29 levels left

rFire   x . .      SeeInvis .     - Unarmed
rCold   + + +      Faith    .   (shield currently unavailable)
rNeg    . . .      Spirit   .   (armour unavailable)
rPois   +          Reflect  .   (helmet currently unavailable)
rElec   .          Harm     .   (cloak currently unavailable)
rCorr   .          Rampage  .   (gloves currently unavailable)
Will    +....      NoTele   +   (boots currently unavailable)
Stlth   ..........              (no amulet)
HPRegen 0.27/turn               (no ring)
MPRegen 0.18/turn               (no ring)

@: ice-form
A: freezing attack, amphibious, boosted hp, (breathe power), AC +7, large,
unfitting armour, (cold-blooded), no stealth
a: End Transformation, Renounce Religion


You were in the Dungeon.
You worshipped Ru.
Ru was noncommittal.
You were a creature of crystalline ice.
You visited 1 branch You collected 367 gold pieces.

Inventory:

Wands
 c - a wand of polymorph (4)
 h - a wand of mindburst (10)
Scrolls
 f - a scroll of blinking
Potions
 a - 2 potions of curing
 d - 2 potions of magic
 e - a potion of berserk rage
 g - 2 potions of haste


   Skills:
 + Level 10.3 Fighting
 + Level 8.8 Dodging
 + Level 9.9 Unarmed Combat
 + Level 10.5 Spellcasting
 + Level 9.6 Transmutations
 - Level 4.5 Ice Magic


You had 21 spell levels left.
You knew the following spells:

 Your Spells              Type           Power      Damage    Failure   Level
a - Beastly Appendage     Tmut           78%        N/A       1%          1
b - Spider Form           Tmut/Pois      23%        N/A       3%          3
c - Ice Form              Ice/Tmut       31%        N/A       4%          4

Your spell library contained the following spells:

 Spells                   Type           Power      Damage    Failure   Level
 Wereblood                Tmut           39%        N/A       1%          2


Dungeon Overview and Level Annotations

Branches:
Dungeon (1/1)

Altars:
Cheibriados
Dithmenos
Elyvilon
Fedhas
Gozag
Hepliaklqana
Kikubaaqudgha
Makhleb
Nemelex Xobeh
Okawaru
Qazlal
Ru
Sif Muna
Trog
Uskayaw
Vehumet
Wu Jian
Xom
Yredelemnul
Zin
The Shining One
Jiyva
Lugonu

Shops:
D (

Annotations:
D exclusion: door


Innate Abilities, Weirdness & Mutations

You are a creature of crystalline ice.
You have a powerful freezing melee attack.
You are amphibious.
Your maximum health is increased.
Your armour is entirely melded.
You are incapable of wielding weapons or throwing items.
((You can breathe bolts of dispelling energy.))
((Your rich purple scales are hard. (AC +7)))
You cannot fit into any form of body armour.
((You are cold-blooded and may be slowed by cold attacks.))
You cannot be stealthy.


Message History

You enter the shallow water.
Moving in this stuff is going to be slow.
You start resting.
Found 2 potions of haste.
There is an open door here.
b - a scroll labelled GAOCEMMA HITZ
g - 2 potions of haste
a - 2 potions of curing (gained 1)
There is an open door here.
You enter the shallow water.
Moving in this stuff is going to be slow.
You see here a +0 robe.
You now have 367 gold pieces (gained 16).
As you read the scroll labelled GAOCEMMA HITZ, it crumbles to dust.
It is a scroll of identify.
You don't have any unidentified items.
Okay, then.
You enter the shallow water.
Moving in this stuff is going to be slow.
There is an open door here.
You open the door.
A deep troll comes into view.
The deep troll shouts!
Found 54 gold pieces.
Casting: Ice Form (dangerous; 4% risk of failure)
Confirm with . or Enter, or press ? or * to list all spells.
You turn into a creature of crystalline ice.
The deep troll bites you!! The deep troll claws you!
The deep troll claws you but does no damage.
The deep troll bites you! The deep troll barely misses you.
The deep troll closely misses you.
You barely miss the deep troll. The deep troll misses you.
The deep troll claws you! The deep troll claws you.
You hit the deep troll but do no damage.
The deep troll bites you!!
* * * LOW HITPOINT WARNING * * *
The deep troll claws you.
* * * LOW HITPOINT WARNING * * *
The deep troll claws you!
You die...

<.#..)..#.)'..#__#.))...#
..'.)#..'..#.)'..'..#...#
..#####+#####'#__####...+
..#### #...#)####.[#####
..#__####..##.#≈≈≈§.#
..#_____##'#§.'≈≈§§.+
⌠⌠#_.∩...'..._#≈≈§§.#
###_..__##_.#+##§####
#_____###+# #.Y§§#
####### ##T### $.$ #####


You could see a deep troll.

Vanquished Creatures
  2 centaur warriors (D)
  2 kobold demonologists (D)
  A slime creature (D)
  Sigmund (D)
  A yak (D)
  A floating eye (D)
  An ogre (D)
  A jelly (D)
  Ijyb (D)
11 creatures vanquished.

Notes
Turn   | Place    | Note
-------+----------+-------------------------------------------
     0 | D        | kae the Draconian Transmuter began the quest for the Orb.
     0 | D        | Reached XP level 1. HP: 16/16 MP: 3/3
     2 | D        | Noticed Ijyb
    31 | D        | Killed Ijyb
    32 | D        | Reached XP level 2. HP: 25/25 MP: 4/6
    33 | D        | Noticed an ogre
    42 | D        | Killed an ogre
    43 | D        | Reached skill level 5 in Unarmed Combat
    43 | D        | Reached XP level 3. HP: 21/34 MP: 4/8
    43 | D        | Reached XP level 4. HP: 25/41 MP: 5/10
   171 | D        | Learned a level 3 spell: Spider Form
   176 | D        | Learned a level 4 spell: Ice Form
   202 | D        | Noticed Sigmund
   209 | D        | Killed Sigmund
   210 | D        | Reached skill level 5 in Dodging
   210 | D        | Reached skill level 5 in Spellcasting
   210 | D        | Reached skill level 5 in Transmutations
   210 | D        | Reached XP level 5. HP: 48/50 MP: 8/12
   210 | D        | Reached XP level 6. HP: 55/57 MP: 9/14
   258 | D        | Found an ornate altar of the Wu Jian Council.
   258 | D        | Found a shimmering blue altar of Sif Muna.
   266 | D        | Found a radiant altar of Vehumet.
   317 | D        | Found Wuicaub's Antique Weapon Emporium.
   317 | D        | Found an ancient bone altar of Kikubaaqudgha.
   317 | D        | Found a hazy altar of Hepliaklqana.
   317 | D        | Found a stormy altar of Qazlal.
   317 | D        | Found a hide-covered altar of Uskayaw.
   317 | D        | Found a blossoming altar of Fedhas.
   317 | D        | Found a bloodstained altar of Trog.
   317 | D        | Found an iron altar of Okawaru.
   317 | D        | Found a basalt altar of Yredelemnul.
   317 | D        | Found a glowing golden altar of the Shining One.
   317 | D        | Found a snail-covered altar of Cheibriados.
   317 | D        | Found a sacrificial altar of Ru.
   317 | D        | Found a glowing silver altar of Zin.
   317 | D        | Found a shadowy altar of Dithmenos.
   317 | D        | Found a white marble altar of Elyvilon.
   317 | D        | Noticed a yak
   318 | D        | Found an opulent altar of Gozag.
   321 | D        | Killed a yak
   322 | D        | Found a sparkling altar of Nemelex Xobeh.
   327 | D        | Became a worshipper of Ru the Awakened
   498 | D        | Found a burning altar of Makhleb.
   498 | D        | Found a viscous altar of Jiyva.
   498 | D        | Found a shimmering altar of Xom.
   498 | D        | Found a corrupted altar of Lugonu.
   498 | D        | Noticed a slime creature
   504 | D        | Killed a slime creature
   505 | D        | Your scales start taking on a rich purple colour.
   505 | D        | Reached XP level 7. HP: 49/66 MP: 14/18
   640 | D        | Noticed a kobold demonologist
   641 | D        | Noticed a kobold demonologist
   645 | D        | Killed a kobold demonologist
   649 | D        | Paralysed by a floating eye for 3 turns
   655 | D        | Paralysed by a floating eye for 3 turns
   659 | D        | Killed a kobold demonologist
   660 | D        | Reached XP level 8. HP: 75/75 MP: 18/20
   703 | D        | Noticed a centaur warrior
   929 | D        | Noticed a centaur warrior
   939 | D        | Killed a centaur warrior
   942 | D        | HP: 4/93 [centaur warrior (12)]
   947 | D        | Killed a centaur warrior
   948 | D        | Reached skill level 10 in Fighting
   948 | D        | Reached skill level 10 in Spellcasting
   948 | D        | Reached XP level 9. HP: 24/85 MP: 19/23
   969 | D        | Gained mutation: You cannot be stealthy. [Ru sacrifice]
  1231 | D        | Noticed a deep troll
  1235 | D        | Slain by a deep troll

Illustrated notes

Levels and vault maps discovered:
D:        dungeon_sprint_1 [red_sonja_temple_1, red_sonja_temple_small_1]

Skill      XL: |  1  2  3  4  5  6  7  8 |
---------------+-------------------------+-----
Fighting       | 2 4 6 7 8 10 | 10.3
Dodging        | 2 4 5 6 7 8 |  8.8
Spellcasting   | 3 4 5 7 8 10 | 10.5
Transmutations | 3 4 5 7 8 9 |  9.6
Unarmed Combat | 5 6 7 8 9 |  9.9
Ice Magic      | 4 |  4.5

Action                   |  1- 3 |  4- 6 |  7- 9 || total
-------------------------+-------+-------+-------++-------
Melee: Unarmed           |    30 |    14 |    27 ||    71
       Tailslap          |     1 |       |       ||     1
 Cast: Spider Form       |       |     4 |       ||     4
       Ice Form          |       |     2 |     3 ||     5
       Beastly Appendage |       |     2 |       ||     2
Invok: Sacrifice Stealth |       |       |     1 ||     1
  Use: Potion            |     1 |       |     1 ||     2
       Scroll            |       |     1 |     1 ||     2
 Stab: Sleeping          |       |     3 |       ||     3
Armor: Skin              |     3 |     1 |    18 ||    22
Dodge: Dodged            |     9 |     3 |    14 ||    26

Table legend: (Time is in decaauts)
 A = Elapsed time spent in this place.
 B = Non-inter-level travel time spent in this place.
 C = Inter-level travel time spent in this place.
 D = Time resting spent in this place.
 E = Time spent auto-exploring this place.
 F = Levels seen in this place.
 G = Mean time per level.
                   A        B        C        D        E       F      G
               +--------+--------+--------+--------+--------+-----+--------+
         Total |   1211 |   1211 |      0 |    910 |     84 |   1 | 1211.0 |
       Dungeon |   1211 |   1211 |      0 |    910 |     84 |   1 | 1211.0 |
               +--------+--------+--------+--------+--------+-----+--------+

Top non-repeatable levels by time:
       D: 1211 daAuts
